TOP OF THE 1ST |
Quad Cities River Bandits batting - Pitching for Greenville Drive : LHP Roald van Erkel
|
Pitching: LHP Roald van Erkel
|
|
Batting: RHB Francisco Vargas
|
0-0: Swinging Strike 0-1: Foul Ball, location: 2F 0-2: Ball 1-2: Fly out, F3 (Popup, 23F, EV 90.6 MPH)
|
Batting: RHB Justin Olmstead
|
0-0: SINGLE (Groundball, 6MD, EV 98.8 MPH)
|
Batting: LHB Mark Dearth
|
0-0: Ball 1-0: Foul Ball, location: 2F 1-1: Swinging Strike 1-2: Ball Justin Olmstead steals 2nd base 2-2: Strikes out swinging
|
Batting: RHB Elijah Hunter
|
0-0: Ball 1-0: Swinging Strike 1-1: Called Strike 1-2: Foul Ball, location: 2F 1-2: Strikes out looking
|
Top of the 1st over - 0 runs, 1 hit, 0 errors, 1 left on base; Quad Cities 0 - Greenville 0 |
BOTTOM OF THE 1ST |
Greenville Drive batting - Pitching for Quad Cities River Bandits : LHP Jimmy Edlin
|
Pitching: LHP Jimmy Edlin
|
|
Batting: RHB Larry Brocato
|
0-0: Ball 1-0: Swinging Strike 1-1: Ball 2-1: Fly out, F9 (Flyball, 89D, EV 110.0 MPH)
|
Batting: RHB Frank Sokolosky
|
0-0: Ball 1-0: Swinging Strike 1-1: Called Strike 1-2: Foul Ball, location: 2F 1-2: Ball 2-2: Ground out 5-3 (Groundball, 56, EV 86.2 MPH)
|
Batting: RHB Jose Diaz
|
0-0: Ball 1-0: SINGLE (Groundball, 56D, EV 105.0 MPH)
|
Batting: RHB Dave Nickerson
|
0-0: Called Strike 0-1: Called Strike 0-2: SINGLE (Line Drive, 8LS, EV 101.2 MPH) Jose Diaz to second
|
Batting: RHB Bobby Schimke
|
0-0: Called Strike 0-1: Ball 1-1: Swinging Strike 1-2: Foul Ball, location: 2F 1-2: SINGLE (Flyball, 3D, EV 91.9 MPH) Jose Diaz to third Dave Nickerson to second
|
Batting: RHB Mike Cavagnaro
|
0-0: Ball 1-0: Called Strike 1-1: Ball 2-1: DOUBLE (Groundball, 3L, EV 103.1 MPH) Jose Diaz scores Dave Nickerson scores Bobby Schimke to third Runner from 3rd tries for Home, SAFE, throw by RF to trailing runner, OUT at third! 9-3-5
|
Bottom of the 1st over - 3 runs, 4 hits, 0 errors, 0 left on base; Quad Cities 0 - Greenville 3 |
TOP OF THE 2ND |
Quad Cities River Bandits batting - Pitching for Greenville Drive : LHP Roald van Erkel
|
Batting: RHB Edgar Trejo
|
0-0: Ball 1-0: Ball 2-0: Ball 3-0: Called Strike 3-1: Called Strike 3-2: Strikes out swinging
|
Batting: RHB Bobby Dunn
|
0-0: Ball 1-0: Foul Ball, location: 2F 1-1: Swinging Strike 1-2: Ball 2-2: Foul Ball, location: 2F 2-2: Ball 3-2: Foul Ball, location: 2F 3-2: Foul Ball, location: 2F 3-2: Base on Balls
|
Batting: RHB Sean Mounts
|
0-0: Ball 1-0: DOUBLE (Line Drive, 89D, EV 100.6 MPH) Bobby Dunn to third
|
Batting: RHB Evan Fry
|
0-0: Ball 1-0: Ground out 3-1 (Groundball, 34, EV 83.1 MPH) Bobby Dunn scores Sean Mounts to third
|
Batting: RHB Jason Monico
|
0-0: Ground out 5-3 (Groundball, 56S, EV 66.9 MPH)
|
Top of the 2nd over - 1 run, 1 hit, 0 errors, 1 left on base; Quad Cities 1 - Greenville 3 |
BOTTOM OF THE 2ND |
Greenville Drive batting - Pitching for Quad Cities River Bandits : LHP Jimmy Edlin
|
Batting: LHB Frank Olivo
|
0-0: Ball 1-0: Ball 2-0: Swinging Strike 2-1: Ball 3-1: Base on Balls
|
Batting: RHB Tommy Boudreaux
|
0-0: Called Strike 0-1: Called Strike 0-2: Strikes out swinging
|
Batting: RHB Norimoto Miyanishi
|
0-0: Called Strike 0-1: Foul Ball, location: 2F 0-2: Ball 1-2: Fielders Choice at 2nd, 6-4 (Groundball, 6, EV 83.8 MPH)
|
Batting: RHB Larry Brocato
|
0-0: Ball 1-0: Called Strike Norimoto Miyanishi steals 2nd base 1-1: Fly out, F9 (Flyball, 9, EV 75.6 MPH)
|
Bottom of the 2nd over - 0 runs, 0 hits, 0 errors, 1 left on base; Quad Cities 1 - Greenville 3 |
TOP OF THE 3RD |
Quad Cities River Bandits batting - Pitching for Greenville Drive : LHP Roald van Erkel
|
Batting: RHB Francisco Vargas
|
0-0: Called Strike 0-1: Ball 1-1: Ball 2-1: Ball 3-1: Base on Balls
|
Batting: RHB Justin Olmstead
|
0-0: Ball 1-0: Fly out, F9 (Flyball, 9LS, EV 88.8 MPH)
|
Batting: LHB Mark Dearth
|
0-0: Ball 1-0: Called Strike Francisco Vargas steals 2nd base 1-1: Ground out 4-3 (Groundball, 4, EV 90.6 MPH) Francisco Vargas to third
|
Batting: RHB Elijah Hunter
|
0-0: Called Strike 0-1: Ball 1-1: Called Strike 1-2: Ball 2-2: Foul Ball, location: 2F 2-2: SINGLE (Line Drive, 4MD, EV 103.8 MPH) Francisco Vargas scores
|
Batting: RHB Edgar Trejo
|
0-0: Called Strike 0-1: Ball 1-1: Ball 2-1: 2-RUN HOME RUN (Line Drive, 7LD, EV 101.2 MPH), Distance : 363 ft
|
Batting: RHB Bobby Dunn
|
0-0: Ball 1-0: DOUBLE (Groundball, 5L, EV 105.0 MPH)
|
Batting: RHB Sean Mounts
|
0-0: Fly out, F8 (Line Drive, 89M, EV 103.1 MPH)
|
Top of the 3rd over - 3 runs, 3 hits, 0 errors, 1 left on base; Quad Cities 4 - Greenville 3 |
BOTTOM OF THE 3RD |
Greenville Drive batting - Pitching for Quad Cities River Bandits : LHP Jimmy Edlin
|
Batting: RHB Frank Sokolosky
|
0-0: Ball 1-0: Ground out 1-3 (Groundball, 13S, EV 71.9 MPH)
|
Batting: RHB Jose Diaz
|
0-0: SINGLE (Groundball, 56D, EV 97.5 MPH)
|
Batting: RHB Dave Nickerson
|
0-0: Called Strike 0-1: Ball 1-1: Ball 2-1: Fly out, F9 (Flyball, 9LD, EV 102.5 MPH)
|
Batting: RHB Bobby Schimke
|
0-0: Foul Ball, location: 2F 0-1: Ball 1-1: Ground out 1-3 (Groundball, 13S, EV 68.1 MPH)
|
Bottom of the 3rd over - 0 runs, 1 hit, 0 errors, 1 left on base; Quad Cities 4 - Greenville 3 |
TOP OF THE 4TH |
Quad Cities River Bandits batting - Pitching for Greenville Drive : LHP Roald van Erkel
|
Batting: RHB Evan Fry
|
0-0: Called Strike 0-1: Fly out, F8 (Line Drive, 8RD, EV 95.0 MPH)
|
Batting: RHB Jason Monico
|
0-0: Swinging Strike 0-1: Foul Ball, location: 2F 0-2: Ground out 6-3 (Groundball, 6, EV 90.6 MPH)
|
Batting: RHB Francisco Vargas
|
0-0: Ball 1-0: Called Strike 1-1: SINGLE (Flyball, 34D, EV 91.9 MPH)
|
Batting: RHB Justin Olmstead
|
0-0: Ground out 5-3 (Groundball, 56, EV 100.0 MPH)
|
Top of the 4th over - 0 runs, 1 hit, 0 errors, 1 left on base; Quad Cities 4 - Greenville 3 |
BOTTOM OF THE 4TH |
Greenville Drive batting - Pitching for Quad Cities River Bandits : LHP Jimmy Edlin
|
Batting: RHB Mike Cavagnaro
|
0-0: Called Strike 0-1: Ball 1-1: Ground out 1-3 (Groundball, 13S, EV 71.2 MPH)
|
Batting: LHB Frank Olivo
|
0-0: SINGLE (Groundball, 3D, EV 100.6 MPH)
|
Batting: RHB Tommy Boudreaux
|
0-0: Ball 1-0: Ball 2-0: Ball 3-0: Called Strike 3-1: Called Strike 3-2: Foul Ball, location: 2F 3-2: Base on Balls Frank Olivo to second
|
Batting: RHB Norimoto Miyanishi
|
0-0: Swinging Strike 0-1: Swinging Strike 0-2: Ball 1-2: Foul Ball, location: 2F 1-2: Strikes out looking
|
Batting: RHB Larry Brocato
|
0-0: Swinging Strike 0-1: Foul Ball, location: 2F 0-2: Foul Ball, location: 2F 0-2: Ground out 4-3 (Groundball, 4, EV 82.5 MPH)
|
Bottom of the 4th over - 0 runs, 1 hit, 0 errors, 2 left on base; Quad Cities 4 - Greenville 3 |
TOP OF THE 5TH |
Quad Cities River Bandits batting - Pitching for Greenville Drive : LHP Roald van Erkel
|
Batting: LHB Mark Dearth
|
0-0: Called Strike 0-1: Ball 1-1: Swinging Strike 1-2: Ball 2-2: SOLO HOME RUN (Flyball, 9LD, EV 90.6 MPH), Distance : 348 ft
|
Pitching: LHP Dallas Watters
|
|
Batting: RHB Elijah Hunter
|
0-0: Ball 1-0: Ball 2-0: Foul Ball, location: 2F 2-1: Foul Ball, location: 2F 2-2: Strikes out swinging
|
Batting: RHB Edgar Trejo
|
0-0: Ball 1-0: Called Strike 1-1: Ball 2-1: Swinging Strike 2-2: Strikes out swinging
|
Batting: RHB Bobby Dunn
|
0-0: Ball 1-0: Foul Ball, location: 2F 1-1: Foul Ball, location: 2F 1-2: Ground out 5-3 (Groundball, 56S, EV 90.0 MPH)
|
Top of the 5th over - 1 run, 1 hit, 0 errors, 0 left on base; Quad Cities 5 - Greenville 3 |
BOTTOM OF THE 5TH |
Greenville Drive batting - Pitching for Quad Cities River Bandits : LHP Jimmy Edlin
|
Batting: RHB Frank Sokolosky
|
0-0: Called Strike 0-1: Fly out, F9 (Flyball, 89XD, EV 88.1 MPH)
|
Batting: RHB Jose Diaz
|
0-0: Ball 1-0: Called Strike 1-1: Ball 2-1: Foul Ball, location: 2F 2-2: Strikes out swinging
|
Batting: RHB Dave Nickerson
|
0-0: Ball 1-0: Ball 2-0: Ball 3-0: Base on Balls
|
Pitching: RHP Calisto Morda
|
|
Batting: RHB Bobby Schimke
|
0-0: Ground out 5-3 (Groundball, 56S, EV 85.6 MPH)
|
Bottom of the 5th over - 0 runs, 0 hits, 0 errors, 1 left on base; Quad Cities 5 - Greenville 3 |
TOP OF THE 6TH |
Quad Cities River Bandits batting - Pitching for Greenville Drive : LHP Dallas Watters
|
Batting: RHB Sean Mounts
|
0-0: Ball 1-0: Ball 2-0: Foul Ball, location: 2F 2-1: Called Strike 2-2: Fly out, F7 (Flyball, 78S, EV 90.0 MPH)
|
Batting: RHB Evan Fry
|
0-0: Foul Ball, location: 2F 0-1: Called Strike 0-2: Ball 1-2: Strikes out swinging
|
Batting: RHB Jason Monico
|
0-0: Swinging Strike 0-1: Swinging Strike 0-2: Ball 1-2: Strikes out looking
|
Top of the 6th over - 0 runs, 0 hits, 0 errors, 0 left on base; Quad Cities 5 - Greenville 3 |
BOTTOM OF THE 6TH |
Greenville Drive batting - Pitching for Quad Cities River Bandits : RHP Calisto Morda
|
Batting: RHB Mike Cavagnaro
|
0-0: Called Strike 0-1: Foul Ball, location: 2F 0-2: Ball 1-2: Foul Ball, location: 2F 1-2: Ball 2-2: Ball 3-2: Foul Ball, location: 2F 3-2: Base on Balls
|
Batting: LHB Frank Olivo
|
0-0: Ball 1-0: Ball 2-0: Ball 3-0: Swinging Strike 3-1: Fielders Choice at 2nd, 4-6 (Groundball, 4M, EV 79.4 MPH)
|
Batting: RHB Tommy Boudreaux
|
0-0: Called Strike 0-1: Ball 1-1: Ball 2-1: Ball 3-1: Base on Balls Frank Olivo to second
|
Pinch Hitting: LHB Miguel Maymi
|
0-0: Ball 1-0: Called Strike 1-1: Fielders Choice at 2nd, 3-6 (Groundball, 34S, EV 81.2 MPH) Frank Olivo to third
|
Pinch Hitting: LHB Sergio Tinoco
|
0-0: Ball 1-0: Ball 2-0: Ground out 6-3 (Groundball, P, EV 79.4 MPH)
|
Bottom of the 6th over - 0 runs, 0 hits, 0 errors, 2 left on base; Quad Cities 5 - Greenville 3 |
TOP OF THE 7TH |
Quad Cities River Bandits batting - Pitching for Greenville Drive : LHP Dallas Watters
|
Pitching: RHP Mike Tolley
|
|
Now at 2B: Bobby Schimke
|
|
Now at 3B: Miguel Maymi
|
|
Now in LF: Sergio Tinoco
|
|
Now in CF: Tommy Boudreaux
|
|
Now in RF: Dave Nickerson
|
|
Batting: RHB Francisco Vargas
|
0-0: Swinging Strike 0-1: Foul Ball, location: 2F 0-2: Foul Ball, location: 2F 0-2: Ball 1-2: Foul Ball, location: 2F 1-2: SOLO HOME RUN (Flyball, 8RXD, EV 107.5 MPH), Distance : 405 ft
|
Batting: RHB Justin Olmstead
|
0-0: Called Strike 0-1: Swinging Strike 0-2: SINGLE (Line Drive, 89S, EV 91.9 MPH)
|
Pitching: LHP Paul Hinderliter
|
|
Batting: LHB Mark Dearth
|
0-0: Ball Justin Olmstead steals 2nd base 1-0: Called Strike 1-1: Ball 2-1: SINGLE (Groundball, 34D, EV 100.6 MPH) Justin Olmstead to third
|
Batting: RHB Elijah Hunter
|
0-0: Called Strike 0-1: Ground out 5-3 (Groundball, 56S, EV 56.9 MPH) Justin Olmstead scores Mark Dearth to second
|
Batting: RHB Edgar Trejo
|
0-0: Ball 1-0: Called Strike 1-1: Foul Ball, location: 2F 1-2: Fly out, F4 (Line Drive, 4, EV 70.6 MPH) Lined into DP, 4-6 (Line Drive, 4, EV 67.5 MPH)
|
Top of the 7th over - 2 runs, 3 hits, 0 errors, 0 left on base; Quad Cities 7 - Greenville 3 |
BOTTOM OF THE 7TH |
Greenville Drive batting - Pitching for Quad Cities River Bandits : RHP Calisto Morda
|
Pitching: LHP Aaron Gilmore
|
|
Batting: RHB Frank Sokolosky
|
0-0: Called Strike 0-1: Called Strike 0-2: Foul Ball, location: 2F 0-2: Strikes out looking
|
Batting: RHB Jose Diaz
|
0-0: Ball 1-0: Called Strike 1-1: Swinging Strike 1-2: Strikes out swinging
|
Batting: RHB Dave Nickerson
|
0-0: Ball 1-0: Ball 2-0: Called Strike 2-1: Foul Ball, location: 2F 2-2: Strikes out swinging
|
Bottom of the 7th over - 0 runs, 0 hits, 0 errors, 0 left on base; Quad Cities 7 - Greenville 3 |
TOP OF THE 8TH |
Quad Cities River Bandits batting - Pitching for Greenville Drive : LHP Paul Hinderliter
|
Batting: RHB Bobby Dunn
|
0-0: Ball 1-0: DOUBLE (Flyball, 8RXD, EV 111.2 MPH)
|
Batting: RHB Sean Mounts
|
0-0: Called Strike 0-1: Ground out 6-3 (Groundball, 6, EV 81.9 MPH)
|
Batting: RHB Evan Fry
|
0-0: Fly out, F7 (Flyball, 78S, EV 87.5 MPH)
|
Batting: RHB Jason Monico
|
0-0: Foul Ball, location: 2F 0-1: Fly out, F7 (Flyball, 7, EV 87.5 MPH)
|
Top of the 8th over - 0 runs, 1 hit, 0 errors, 1 left on base; Quad Cities 7 - Greenville 3 |
BOTTOM OF THE 8TH |
Greenville Drive batting - Pitching for Quad Cities River Bandits : LHP Aaron Gilmore
|
Batting: RHB Bobby Schimke
|
0-0: Ground out 6-3 (Groundball, 6, EV 90.6 MPH)
|
Batting: RHB Mike Cavagnaro
|
0-0: Ground out 5-3 (Groundball, 56S, EV 70.0 MPH)
|
Batting: LHB Frank Olivo
|
0-0: Ball 1-0: Ball 2-0: Called Strike 2-1: Ball 3-1: Base on Balls
|
Batting: RHB Tommy Boudreaux
|
0-0: Called Strike 0-1: Swinging Strike 0-2: Strikes out swinging
|
Bottom of the 8th over - 0 runs, 0 hits, 0 errors, 1 left on base; Quad Cities 7 - Greenville 3 |
TOP OF THE 9TH |
Quad Cities River Bandits batting - Pitching for Greenville Drive : LHP Paul Hinderliter
|
Pitching: RHP Jim Whiteman
|
|
Batting: RHB Francisco Vargas
|
0-0: Ball 1-0: Called Strike 1-1: Foul Ball, location: 2F 1-2: Ball 2-2: Ground out 5-3 (Groundball, 56, EV 108.8 MPH)
|
Batting: RHB Justin Olmstead
|
0-0: Ball 1-0: Fly out, F9 (Flyball, 9LM, EV 81.9 MPH)
|
Batting: LHB Mark Dearth
|
0-0: Fly out, F7 (Flyball, 7LM, EV 91.2 MPH)
|
Top of the 9th over - 0 runs, 0 hits, 0 errors, 0 left on base; Quad Cities 7 - Greenville 3 |
BOTTOM OF THE 9TH |
Greenville Drive batting - Pitching for Quad Cities River Bandits : LHP Aaron Gilmore
|
Pitching: RHP Alex Salinas
|
|
Batting: LHB Miguel Maymi
|
0-0: Ground out 3-1 (Groundball, 34, EV 92.5 MPH)
|
Batting: LHB Sergio Tinoco
|
0-0: Ball 1-0: Swinging Strike 1-1: Called Strike 1-2: Ball 2-2: Ball 3-2: Foul Ball, location: 2F 3-2: Foul Ball, location: 2F 3-2: SINGLE (Groundball, 56, EV 96.2 MPH)
|
Batting: RHB Frank Sokolosky
|
0-0: Swinging Strike 0-1: Called Strike 0-2: Foul Ball, location: 2F 0-2: SINGLE (Line Drive, 8LS, EV 106.9 MPH) Sergio Tinoco to second
|
Pitching: RHP Aaron Shapiro
|
|
Batting: RHB Jose Diaz
|
0-0: Grounds into double play, 3-6-3 (Groundball, 34S, EV 89.4 MPH)
|
Bottom of the 9th over - 0 runs, 2 hits, 0 errors, 1 left on base; Quad Cities 7 - Greenville 3 |
|